 Dungeon Crawl Stone Soup version 0.32-a0-931-g5a2cda0630 (webtiles) character file.

Game seed: 14670019511875441539

565089 ForkInBrain the Slayer (level 26, -31/288 HPs)
             Began as a Merfolk Reaver on Apr 13, 2024.
             Was an Initiate of Gozag.
             Killed from afar by Boris (77 damage)
             ... with an iron shot
             ... on level 3 of the Depths.
             The game lasted 07:02:25 (73611 turns).

ForkInBrain the Slayer (Merfolk Reaver)            Turns: 73611, Time: 07:02:25

Health: -31/288    AC: 38    Str: 22    XL:     26   Next: 77%
Magic:  30/30      EV: 24    Int: 15    God:    Gozag
Gold:   639        SH: 26    Dex: 17    Spells: 23/34 levels left

rFire   + + +        a - +18 lance "Wyrmbane" {slay drac, rPois rF+ rC+ AC+3}
rCold   + + +        S - +5 kite shield {rF+}
rNeg    + + +        (body armour currently unavailable)
rPois   ∞            m - +2 hat {SInv}
rElec   +            F - scarf {rC+ rF+}
rCorr   +            T - melded +0 pair of gloves of the gadgeteer {Gadgeteer Wandboost ^Fragile}
SInv    +            (boots currently unavailable)
Will    ++...        L - amulet of regeneration
Stlth   ++           p - ring of Sophism {^Drain +Blink rC++ rN+ Will+ SH+5}
HPRegen 1.48/turn    J - ring "Unumecs" {*Slow rPois rN+ rCorr Str+3}
MPRegen 0.22/turn

%: slow self (1%)
@: about to teleport, statue-form, hasted, invisible
A: slow and powerful, torment resistance 1, boosted hp, (nimble swimmer 2),
mertail, thin skeletal structure 1, inability to read after injury 1
0: Orb of Zot
}: 3/15 runes: serpentine, barnacled, silver
a: Begin Untransformation, Renounce Religion, Evoke Blink, Potion Petition, Call
Merchant, Bribe Branch


You were on level 3 of the Depths.
You worshipped Gozag.
Gozag was pleased with you.
You were a living statue of rough stone.
You visited 11 branches of the dungeon, and saw 49 of its levels.
You also visited: Bailey, Gauntlet, Ice Cave and Wizlab.

You collected 26546 gold pieces.
You spent 4625 gold pieces at shops.
You paid 21282 gold pieces to Gozag.

Inventory:

Hand Weapons
 a - the +18 lance "Wyrmbane" (weapon) {slay drac, rPois rF+ rC+ AC+3}
   (You took it off Maggie on level 7 of the Dungeon)

   AC+3:      It affects your AC (+3).
   rF+:       It protects you from fire.
   rC+:       It protects you from cold.
   rPois:     It protects you from poison.
 b - a +9 demon trident of flaming
 w - a +9 vampiric demon trident
Missiles
 r - 32 boomerangs (quivered)
 O - 6 throwing nets
 X - 8 curare-tipped darts
Armour
 m - a +2 hat of see invisible (worn)
 F - a scarf of resistance (worn)
 S - a +5 kite shield of fire resistance (worn)
 T - the +0 pair of gloves of the gadgeteer (melded) {Gadgeteer Wandboost ^Fragile}
   (You found it on level 4 of the Lair of Beasts)

   Gadgeteer: Your evocable items recharge 30% faster and wands have a 30%
   chance to not spend a charge.
   Wandboost: Your wands are more powerful.
   ^Fragile:  It will be destroyed if unequipped.
Jewellery
 f - a ring of flight
 l - the ring of Hoasumyc {Fire MP+9 Int+3}
   (You found it in a wizard's laboratory)

   [ring of fire]

   Fire:      It enhances your fire magic.
   Int+3:     It affects your intelligence (+3).
   rF+:       It protects you from fire.
   rC-:       It makes you vulnerable to cold.
   MP+9:      It affects your magic capacity (+9).
 n - the ring "Racipser" {rC+ Will+ SInv}
   (You found it on level 3 of the Depths)

   [ring of see invisible]

   rC+:       It protects you from cold.
   Will+:     It increases your willpower.
   SInv:      It lets you see invisible.
 p - the ring of Sophism (left fist) {^Drain +Blink rC++ rN+ Will+ SH+5}
   (You bought it in a shop on level 4 of the Snake Pit)

   [ring of willpower]

   rC++:      It greatly protects you from cold.
   rN+:       It protects you from negative energy.
   Will+:     It increases your willpower.
   +Blink:    It lets you blink.
   ^Drain:    It drains your maximum health when unequipped.
   SH+5:      It affects your SH (+5).
 s - a ring of see invisible
 J - the ring "Unumecs" (right fist) {*Slow rPois rN+ rCorr Str+3}
   (You took it off a deep elf high priest on level 3 of the Elven Halls)

   [ring of resist corrosion]

   Str+3:     It affects your strength (+3).
   rPois:     It protects you from poison.
   rN+:       It protects you from negative energy.
   rCorr:     It protects you from acid and corrosion.
   *Slow:     It may slow you when you take damage.
 L - an amulet of regeneration (around neck)
 M - a +4 ring of slaying
 U - a +4 ring of protection
Talismans
 G - a granite talisman (active)
Wands
 z - a wand of roots (30)
 C - a wand of digging (8)
 I - a wand of mindburst (42)
 P - a wand of paralysis (36)
 V - a wand of quicksilver (25)
Scrolls
 c - 7 scrolls of fog
 e - a scroll of enchant armour
 g - 5 scrolls of fear
 i - 2 scrolls of silence
 t - 7 scrolls of amnesia
 v - 10 scrolls of teleportation
 H - 6 scrolls of vulnerability
 N - 7 scrolls of noise
Potions
 d - 27 potions of curing
 h - 11 potions of haste
 k - 9 potions of enlightenment
 o - 10 potions of mutation
 u - 4 potions of cancellation
 A - 4 potions of ambrosia
 B - 3 potions of berserk rage
 D - 9 potions of might
 E - 6 potions of heal wounds
 Q - 3 potions of invisibility
 R - 4 potions of resistance
 W - a potion of attraction
Miscellaneous
 j - a box of beasts
 q - a phantom mirror (inert)
 x - a lightning rod (4/4)
 y - a tin of tremorstones (2/2)
 Y - a Gell's gravitambourine (1/2)


   Skills:
 * Level 21.4 Fighting
 + Level 20.5 Polearms
 - Level 0.8 Throwing
 + Level 8.2 Armour
 + Level 21.0 Dodging
 - Level 12.0 Stealth
 + Level 21.1 Shields
 + Level 0.9 Unarmed Combat
 + Level 4.8 Spellcasting
 + Level 2.4 Conjurations
 + Level 11.1 Translocations
 + Level 4.4 Air Magic
 * Level 15.3 Evocations
 + Level 21.1 Shapeshifting


You had 23 spell levels left.
You knew the following spells:

 Your Spells              Type           Power      Damage    Failure   Level
a - Apportation           Tloc           74%        N/A       1%          1
l - Lesser Beckoning      Tloc           74%        N/A       1%          2
p - Passage of Golubria   Tloc           37%        N/A       1%          4
v - Vhi's Electric Charg  Tloc/Air       52%        N/A       9%          4

Your spell library contained the following spells:

 Spells                   Type           Power      Damage    Failure   Level
 Blink                    Tloc           74%        N/A       1%          2
 Momentum Strike          Conj/Tloc      46%        3d9       1%          2
 Maxwell's Portable Pile  Tloc           37%        2d(8-24)  1%          3
 Teleport Other           Tloc           37%        N/A       1%          3
 Shock                    Conj/Air       52%        1d6       4%          1
 Volatile Blastmotes      Fire/Tloc      40%        2d13      6%          3
 Magic Dart               Conj           40%        1d5       8%          1
 Static Discharge         Conj/Air       26%        3-5/arc   8%          2
 Swiftness                Air            16%        N/A       10%         3
 Searing Ray              Conj           20%        2d5       12%         2
 Kiss of Death            Conj/Necr      28%        2d7       13%         1
 Sting                    Conj/Alch      28%        1d4       13%         1
 Iskenderun's Mystic Bla Conj/Tloc 23%            2d6        (+2d3     13%         4
 Cigotuvi's Dreadful Rot  Necr/Alch/Air  14%        N/A       17%         2
 Freeze                   Ice            12%        1d3       21%         1
 Necrotise                Necr           12%        1d4       21%         1
 Summon Small Mammal      Summ           12%        N/A       21%         1
 Dimensional Bullseye     Hex/Tloc       10%        N/A       21%         4
 Mephitic Cloud           Conj/Alch/Air  10%        N/A       24%         3
 Call Imp                 Summ           6%         N/A       30%         2
 Ensorcelled Hibernation  Hex/Ice        6%         N/A       30%         2
 Jinxbite                 Hex            6%         N/A       30%         2
 Airstrike                Air            8%         2d(2-18)  32%         4
 Dispersal                Tloc           18%        N/A       32%         6
 Gell's Gavotte           Tloc           18%        2d(19-28) 32%         6
 Dazzling Flash           Conj/Hex       14%        N/A       36%         3
 Hailstorm                Conj/Ice       7%         3d5       36%         3
 Summon Forest            Summ/Tloc      10%        N/A       50%         5
 Frozen Ramparts          Ice            6%         1d1       52%         3
 Fugue of the Fallen      Necr           3%         N/A       52%         3
 Inner Flame              Hex/Fire       3%         N/A       52%         3
 Ozocubu's Armour         Ice            3%         N/A       52%         3
 Passwall                 Erth           3%         N/A       52%         3
 Sigil of Binding         Hex            3%         N/A       52%         3
 Summon Ice Beast         Ice/Summ       3%         N/A       52%         3
 Tukima's Dance           Hex            3%         N/A       52%         3
 Vampiric Draining        Necr           3%         2d6       52%         3
 Summon Lightning Spire   Summ/Air       10%        N/A       63%         4
 Fulminant Prism          Conj/Alch      3%         3d5       77%         4
 Arcjolt                  Conj/Air       6%         1d16      80%         5
 Manifold Assault         Tloc           18%        N/A       87%         7
 Anguish                  Hex/Necr       1%         N/A       90%         4
 Animate Armour           Summ/Erth      6%         N/A       90%         4
 Cause Fear               Hex            1%         N/A       90%         4
 Ignite Poison            Fire/Alch      3%         N/A       90%         4
 Martyr's Knell           Necr/Summ      3%         N/A       90%         4
 Summon Blazeheart Golem  Fire/Summ      3%         N/A       90%         4
 Iskenderun's Battlesphe  Conj           10%        2d6       91%         5
 Freezing Cloud           Conj/Ice/Air   5%         6-21      92%         5
 Silence                  Hex/Air        5%         N/A       93%         5
 Fireball                 Conj/Fire      3%         3d4       98%         5
 Irradiate                Conj/Alch      3%         3d12      98%         5
 Alistair's Intoxication  Alch           2%         N/A       99%         5
 Borgnjor's Vile Clutch   Necr/Erth      1%         N/A       99%         5
 Curse of Agony           Necr           3%         N/A       99%         5
 Metabolic Englaciation   Hex/Ice        1%         N/A       99%         5
 Summon Mana Viper        Hex/Summ       3%         N/A       99%         5
 Bombard                  Conj/Erth      3%         9d1       100%        6
 Death Channel            Necr           1%         N/A       100%        6
 Eringya's Noxious Bog    Alch           1%         4d6       100%        6
 Permafrost Eruption      Ice/Erth       1%         2x4d2     100%        6
 Plasma Beam              Fire/Air       5%         2x1d15    100%        6
 Sculpt Simulacrum        Ice/Alch       1%         N/A       100%        6
 Starburst                Conj/Fire      3%         6d3       100%        6
 Enfeeble                 Hex            1%         N/A       100%        7
 Haunt                    Necr/Summ      1%         N/A       100%        7
 Monstrous Menagerie      Summ           1%         N/A       100%        7
 Orb of Destruction       Conj           5%         9d5       100%        7
 Spellforged Servitor     Conj/Summ      3%         N/A       100%        7
 Summon Hydra             Summ           1%         N/A       100%        7
 Borgnjor's Revivificati  Necr           1%         N/A       100%        8
 Disjunction              Tloc           18%        N/A       100%        8
 Ignition                 Fire           1%         3d3       100%        8
 Lehudib's Crystal Spear  Conj/Erth      3%         10d3      100%        8
 Maxwell's Capacitive Co  Air            8%         ∞         100%        8
 Death's Door             Necr           1%         N/A       100%        9
 Dragon's Call            Summ           1%         N/A       100%        9
 Animate Dead             Necr           Unusable   N/A       N/A         4

Dungeon Overview and Level Annotations

Branches:
Dungeon (15/15)            Temple (1/1) D:5            Lair (5/5) D:10
 Shoals (4/4) Lair:3        Snake (4/4) Lair:2        Slime (0/5) Lair:4
    Orc (2/2) D:12            Elf (3/3) Orc:2        Vaults (5/5) D:14
  Crypt (0/3) Vaults:3     Depths (4/4) D:15           Hell (visited)
    Zot (5/5) Depths:4     Bailey (visited)           IceCv (visited)
 WizLab (visited)         Gauntlet (visited)
    Dis: Hell:1         Geh: Hell:1         Coc: Hell:1         Tar: Hell:1

Altars:
Ashenzari
Cheibriados
Dithmenos
Elyvilon
Fedhas
Gozag
Hepliaklqana
Kikubaaqudgha
Makhleb
Nemelex Xobeh
Okawaru
Qazlal
Ru
Sif Muna
Trog
Uskayaw
Vehumet
Wu Jian
Xom
Yredelemnul
Zin
The Shining One
Beogh
Jiyva

Shops:
D:3 (   D:4 (   D:10 !   D:13 :[[   Orc:2 *!!=[(   Elf:1 *   Shoals:2 [:(?
Snake:4 =   Vaults:2 [   Vaults:4 [   Vaults:5 *   Depths:4 *

Portals:
Hell: Lair:5 Depths:1 Depths:2 Depths:3 Depths:4
Abyss: Depths:3
Pandemonium: Depths:2
Ziggurat: Depths:1

Annotations:
Lair:1 2 runed translucent doors, exclusion: 2 doors, Acoak's ghost, journeyman DgEE
Shoals:4 unique!, 4 exclusions, Mlioglotl
Vaults:5 2 exclusions, Mennas
Depths:1 3 runed translucent doors, exclusion: 3 doors, Hauck's ghost, adept DEHW
Depths:3 Boris
Hell Geryon
Zot:4 Parghit


Innate Abilities, Weirdness & Mutations

You are a living statue of rough stone.
Your actions are slow, but your melee attacks are powerful.
You are resistant to unholy torment.
Your maximum health is greatly increased.
Your equipment is partially melded.
You are immune to poison.
((You are very nimble when in or above water. (Stealth+, EV+, Speed+++)))
Your lower body shifts to a powerful aquatic tail in water.
You have a somewhat thin skeletal structure. (Dex +2, Stealth+)
You occasionally lose the ability to read scrolls when taking damage.


Message History

As you read the scroll of fog, it dissolves into smoke.
Boris casts forth his victims' sorrows.
The howling sorrow hits you. You resist.
Boris conjures an orb of pure magic.
An orb of destruction comes into view.
Boris points at you and mumbles some strange words.
You block the iron shot.
The wavering orb of destruction hits you!!!
* * * LOW HITPOINT WARNING * * *
Boris gestures at you while chanting. The iron shot hits you!!!
* * * LOW HITPOINT WARNING * * *
Your resistance to elements expires.
Gonter gestures.
You block Boris's attack. x2
A rakshasa comes into view. It is wielding a +0 trident.
You block Boris's attack.
Boris touches you but does no damage. [a] - 609 gold - curing, magic and haste [b] - 200 gold - might and brilliance [c] - 651 gold - curing, magic, haste and resistance Purchase which effect?
You feel better. Magic courses through your body.
You feel yourself speed up. You block Boris's attack.
Boris touches you but does no damage. You block Boris's attack.
Boris touches you but does no damage. The rakshasa misses you.
Okay, then.
Unknown command.
You fade into invisibility!
You block Boris's attack. x2; You block the rakshasa's attack.
Boris points at you and mumbles some strange words.
The bolt of cold misses you.
The shadow dragon breathes negative energy at you.
The bolt of negative energy hits you but does no damage.
You resist. Boris gestures at you while chanting. The bolt of cold misses you.
Boris casts a spell at you. The iron shot hits you!!!!
You die...
Your body crumbles into a pile of gold.

......'...####.####.#
#.≈≈≈≈~...
......##............#
#.~≈≈≈~...
......##.#####.####.#
#.≈~~~~... ......##.# #.# #.#
#......... ####+###.#
#.####.####v##'#####
.###.###.#####........v2&...#
................###°##.###..#
...#..##.#####..###R#.# #..#
.........## #..I..D2# #.##
...####...## #.####L##
#.###### ..#'##+#...###.# #&#
#......) ..##..##....##.# #3#
#(###### ..##.(##.##.##'##
#3# #># #.####)#.##.....#
#2## #.# ### ###(.##.....#
#3.# #.# # #....##.....# #..#
#.# ## ##..###.#.#.#
#..#####.###


You could see Boris (fast, empowered), a shadow dragon (catching breath), a
reaper and a rakshasa.

Vanquished Creatures
  An orb of fire (Zot:1)
  Boris (twice) (Vaults:3 D:15)
  Vashnia (Snake:2)
  A Killer Klown (Zot:1)
  Bai Suzhen (Vaults:5)
  Saint Roka (Elf:2)
  7 caustic shrikes
  Jory (Vaults:2)
  2 bone dragons (Zot:1)
  11 golden dragons
  3 electric golems
  Rupert (D:15)
  9 tentacled monstrosities
  A walking crystal tome (Depths:3)
  A walking earthen tome (Depths:3)
  4 liches
  5 titans
  3 Orb Guardians (Zot:5)
  4 deep elf blademasters
  5 quicksilver dragons
  2 deep elf master archers (Elf:3)
  6 sphinxes
  Polyphemus (Shoals:1)
  8 storm dragons
  2 death cobs
  8 shadow dragons
  9 tengu reavers
  Ilsuiw (Shoals:2)
  2 protean progenitors
  Aizul (Snake:1)
  6 draconian monks
  4 nagarajas
  11 fire giants
  6 deep elf elementalists
  14 frost giants
  16 vault wardens
  4 draconian knights
  4 draconian shifters
  11 deep elf sorcerers
  A balrug (D:15)
  3 draconian scorchers
  3 ghost moths
  2 orc warlords
  An angel (WizLab)
  18 stone giants
  16 ironbound preservers
  8 ironbound thunderhulks
  4 spriggan defenders
  3 formless jellyfish
  3 draconian annihilators
  2 draconian stormcallers
  16 very ugly things
  2 vampire knights
  4 deep elf demonologists
  17 dire elephants
  9 red draconians
  8 black draconians
  7 purple draconians
  8 deep elf death magi
  13 green draconians
  4 deep elf annihilators
  8 spark wasps
  9 white draconians
  5 war gargoyles
  2 minotaurs
  13 yellow draconians
  A blizzard demon (Depths:2)
  An eidolon (Vaults:3)
  4 crystal guardians
  11 ettins
  A green death (Depths:2)
  7 merfolk impalers
  4 entropy weavers
  3 merfolk javelineers
  9 fire dragons
  An entropy weaver (shapeshifter) (Elf:3)
  4 deep elf high priests (Elf:3)
  13 yaktaur captains
  Josephine (Orc:1)
  6 great orbs of eyes
  2 salamander tyrants (Snake:4)
  25 vault guards
  8 ironbound frosthearts
  6 rakshasas
  7 ogre magi
  36 centaur warriors
  2 alligators (Zot:1)
  A catoblepas (Shoals:1)
  11 hydras
  A ghost crab (Gauntlet)
  2 merfolk avatars
  An anaconda (shapeshifter) (Vaults:5)
  2 ice dragons
  8 spriggan air magi
  10 peacekeepers
  A death scarab (Gauntlet)
  4 merfolk aquamancers (Shoals:4)
  7 two-headed ogres
  A sphinx zombie (Depths:2)
  10 anacondas
  A two-headed ogre (shapeshifter) (Depths:2)
  3 boulder beetles
  26 dancing weapons
  11 death yaks
  7 deep troll shamans
  A satyr (Shoals:3)
  3 tengu warriors
  2 vampire magi (Vaults:3)
  5 naga warriors
  6 deep troll earth magi
  8 spriggan berserkers
  3 hell hogs
  6 shock serpents
  14 naga sharpshooters
  2 orc high priests
  15 hell knights
  5 sun demons
  12 deep elf knights
  Nergalle (Orc:2)
  2 soul eaters
  A skyshark (Lair:4)
  An iron troll (Depths:4)
  Lodul (D:13)
  A skeletal warrior (Vaults:3)
  3 salamander mystics
  A sixfirhy (Depths:2)
  An orb spider (shapeshifter) (Depths:2)
  5 deep elf archers
  9 sea snakes
  A spark wasp zombie (Depths:2)
  3 flayed ghosts
  5 naga ritualists
  57 deep trolls
  6 glowing orange brains
  16 arcanists
  A swamp dragon (shapeshifter) (D:9)
  A kraken simulacrum (Shoals:4)
  13 ironbound convokers
  A wolf spider (shapeshifter) (Vaults:5)
  14 harpies
  6 mana vipers
  21 deep elf pyromancers
  7 thermic dynamos
  11 lindwurms
  2 obsidian bats (Orc:2)
  13 deep elf zephyrmancers
  6 orc knights
  15 manticores
  2 lightning spires (WizLab)
  A shining eye (shapeshifter) (Vaults:1)
  A wolf spider (D:10)
  5 necromancers
  71 ugly things
  Maurice (D:7)
  5 salamanders
  12 orc sorcerers
  7 cyclopes
  17 black mambas
  11 fauns
  9 merfolk sirens
  3 guardian serpents
  12 moths of wrath
  An elephant (shapeshifter) (Depths:2)
  An elephant (Lair:4)
  A water nymph (shapeshifter) (Vaults:5)
  A kobold blastminer (Orc:1)
  8 naga magi
  4 water nymphs
  6 smoke demons
  9 gargoyles
  8 cane toads
  A molten gargoyle (WizLab)
  14 vault sentinels
  2 torpor snails (Lair:5)
  2 orange demons (Lair:5)
  An unseen horror (D:11)
  2 minotaur zombies (Gauntlet)
  Maggie (D:7)
  3 rime drakes
  A cane toad (shapeshifter) (Elf:3)
  4 ice devils
  A kobold demonologist (D:10)
  30 yaktaurs
  15 komodo dragons
  2 tengu conjurers
  4 polar bears
  22 merfolk
  A red devil (Lair:5)
  5 hornets
  5 wind drakes
  A polar bear (shapeshifter) (Elf:1)
  A jumping spider (shapeshifter) (D:15)
  8 dream sheep
  8 trolls
  A black mamba (shapeshifter) (Vaults:5)
  A glass eye (shapeshifter) (Depths:4)
  A jumping spider (Vaults:1)
  An iron dragon simulacrum (Depths:2)
  17 blink frogs
  2 glass eyes (Depths:3)
  16 snapping turtles
  3 air elementals
  28 slime creatures
  A centaur simulacrum (D:15)
  A culicivora (shapeshifter) (Elf:1)
  A culicivora (Vaults:1)
  A harpy (shapeshifter) (Vaults:5)
  12 spriggans
  10 water elementals
  A shadow (D:13)
  10 wyverns
  5 wargs
  6 fire elementals
  2 fire bats (Lair:1)
  Grum (D:8)
  5 basilisks
  5 wraiths
  52 yaks
  3 redbacks (Vaults:3)
  4 vampire mosquitoes
  2 death yak simulacra (IceCv)
  4 steam dragons
  A spectral cane toad (Gauntlet)
  An acid dragon (shapeshifter) (D:13)
  3 acid dragons
  20 nagas
  20 water moccasins
  4 hell hounds (Lair:5)
  26 orc warriors
  A black bear (D:8)
  A laughing skull (D:10)
  25 wolves
  25 ogres
  5 boggarts (Vaults:2)
  The ghost of grrhawk the Poker, an amateur CoGl of the Shining One (D:6)
  27 centaurs
  A phantom (D:5)
  21 kobold brigands
  2 gnoll sergeants
  10 bullfrogs
  3 earth elementals
  4 scorpions
  3 wights (D:9)
  6 killer bees (D:11)
  8 howler monkeys
  3 electric eels (Lair:5)
  4 bombardier beetles
  2 hounds (D:6)
  5 lava snakes (Lair:5)
  2 jellies
  13 orc priests
  A sleepcap (D:5)
  Jessica (D:3)
  4 iguanas
  Natasha (thrice) (D:2)
  32 orc wizards
  4 hell rats (Lair:4)
  A wolf simulacrum (IceCv)
  Robin (D:3)
  7 gnolls
  6 adders
  A shadow imp (D:7)
  A white imp (D:8)
  2 ufetubi (D:5)
  3 dart slugs
  63 orcs
  8 ball pythons
  8 endoplasms
  4 giant cockroaches
  17 goblins
  12 hobgoblins
  3 jackals (D:1)
  16 kobolds
  5 quokkas
  4 bats
  4 frilled lizards
  6 rats
1925 creatures vanquished.

Vanquished Creatures (collateral kills)
  An ancient lich (Zot:5)
  2 orbs of fire (Zot:5)
  A Killer Klown (Zot:5)
  the Enchantress (D:15)
  8 Orb Guardians (Zot:5)
  An Ice Fiend (Zot:1)
  An Executioner (Zot:5)
  A demonspawn warmonger (Zot:1)
  A fire giant (Vaults:5)
  A cacodemon (Zot:1)
  An angel (Zot:1)
  A green draconian (Zot:5)
  2 black draconians (Zot:5)
  A lorocyproca (Zot:1)
  A deep elf death mage (Vaults:1)
  2 blizzard demons (Zot:1)
  A sixfirhy (Depths:4)
  A deep troll (Vaults:1)
  An orange demon (Zot:1)
  A tormentor (Zot:3)
  A chaos spawn (Depths:4)
31 creatures vanquished.

Vanquished Creatures (others)
  An orb of fire (Zot:1)
  3 ancient liches
  A Killer Klown (Zot:5)
  An electric golem (Zot:5)
  A titan (Depths:3)
  8 Orb Guardians (Zot:5)
  A tengu reaver (D:15)
  A storm dragon (Zot:5)
  A fire giant (WizLab)
  A draconian monk (Zot:5)
  2 protean progenitors (Zot:5)
  A frost giant (Depths:2)
  3 draconian knights
  A ghost moth (Zot:5)
  An ironbound preserver (Vaults:3)
  A draconian annihilator (Zot:5)
  3 black draconians (Zot:5)
  3 white draconians (Zot:5)
  3 yellow draconians (Zot:5)
  A spark wasp (Zot:5)
  A naga sharpshooter (Snake:2)
  An occultist (Depths:3)
  A deep troll (Vaults:3)
  A deep elf zephyrmancer (Elf:2)
  3 wolf spiders (Zot:5)
  An ugly thing (Depths:2)
  A warg (Elf:2)
  2 orcs (Elf:2)
  8 tentacles (Shoals:4)
57 creatures vanquished.

Grand Total: 2013 creatures vanquished

Notes
Turn   | Place    | Note
-------+----------+-------------------------------------------
     0 | D:1      | ForkInBrain the Merfolk Reaver began the quest for the Orb.
     0 | D:1      | Reached XP level 1. HP: 16/16 MP: 3/3
    54 | D:1      | Reached XP level 2. HP: 18/22 MP: 5/5
   553 | D:1      | Reached XP level 3. HP: 24/28 MP: 6/6
   914 | D:2      | Reached skill level 5 in Polearms
  1045 | D:2      | Noticed Natasha
  1064 | D:2      | Killed Natasha
  1065 | D:2      | Reached skill level 1 in Armour
  1065 | D:2      | Reached XP level 4. HP: 13/34 MP: 7/7
  1629 | D:3      | Identified the +2 robe of Discretion {+Inv Dex+3}
  1716 | D:3      | Noticed Jessica
  1726 | D:3      | Killed Jessica
  1727 | D:3      | Reached XP level 5. HP: 22/40 MP: 8/8
  1866 | D:3      | Identified the +0 robe of Duty {+Inv Dex+3 Slay+2 Stlth+}
  1980 | D:3      | Found Dumn's Antique Weapon Shoppe.
  1984 | D:3      | Bought a glowing spear for 132 gold pieces
  2005 | D:3      | Noticed Robin
  2034 | D:3      | Killed Robin
  2577 | D:4      | Found Ikluh's Antique Weapon Shoppe.
  2843 | D:4      | Reached XP level 6. HP: 8/47 MP: 9/9
  3527 | D:4      | Found Ikluh's Antique Weapon Shoppe.
  3834 | D:5      | Entered Level 5 of the Dungeon
  3913 | D:5      | Found a blossoming altar of Fedhas.
  3917 | D:5      | Found a glowing golden altar of the Shining One.
  3984 | D:5      | Reached XP level 7. HP: 45/52 MP: 10/10
  4075 | D:2      | Noticed Natasha
  4085 | D:2      | Killed Natasha
  4278 | D:2      | Noticed Natasha
  4285 | D:2      | Killed Natasha
  4672 | D:5      | Found a staircase to the Ecumenical Temple.
  4676 | Temple   | Entered the Ecumenical Temple
  4694 | Temple   | Became a worshipper of Gozag Ym Sagoz the Greedy
  5302 | D:6      | Reached XP level 8. HP: 61/61 MP: 11/11
  5345 | D:5      | Reached skill level 1 in Stealth
  5639 | D:6      | Reached skill level 5 in Fighting
  5756 | D:6      | Found a runed translucent gate.
  5756 | D:6      | Found a runed translucent gate.
  5760 | D:6      | Noticed grrhawk's ghost (amateur CoGl)
  5894 | D:6      | Found a shimmering altar of Xom.
  6191 | D:6      | Found a runed translucent gate.
  6509 | D:6      | Found a roughly hewn altar of Beogh.
  6686 | D:7      | Noticed Maurice
  6691 | D:7      | Maurice stole 257 gold
  6702 | D:7      | Maurice stole 24 stones
  6703 | D:7      | Maurice stole a +0 trident
  6718 | D:7      | Killed Maurice
  6884 | D:7      | Reached XP level 9. HP: 62/69 MP: 12/12
  6959 | D:7      | Reached skill level 10 in Polearms
  7689 | D:7      | Noticed Maggie
  7975 | D:8      | Noticed Grum
  7992 | D:8      | Killed Grum
  8043 | D:7      | Reached skill level 5 in Armour
  8053 | D:7      | Reached skill level 1 in Evocations
  8566 | D:8      | Noticed a two-headed ogre
  8578 | D:8      | Killed a two-headed ogre
  8579 | D:8      | Reached XP level 10. HP: 67/80 MP: 13/13
  9095 | D:8      | Reached skill level 5 in Stealth
 10018 | D:8      | Paralysed by a hornet for 2 turns
 10025 | D:8      | Paralysed by a hornet for 1 turns
 10395 | D:9      | Found a basalt altar of Yredelemnul.
 10545 | D:7      | Killed Maggie
 10546 | D:7      | Reached skill level 5 in Dodging
 10829 | D:7      | Noticed a two-headed ogre
 10856 | D:7      | a two-headed ogre changed into a faun
 10856 | D:7      | Noticed a faun
 10864 | D:7      | Killed a faun
 11357 | D:9      | Reached XP level 11. HP: 90/90 MP: 14/14
 11770 | D:9      | Noticed a two-headed ogre
 11774 | D:9      | a two-headed ogre changed into a glowing shapeshifter
 11774 | D:9      | Noticed a glowing shapeshifter
 11775 | D:9      | a glowing shapeshifter changed into a mana viper
 11775 | D:9      | Noticed a mana viper (glowing shapeshifter)
 11776 | D:9      | a mana viper changed into a swamp dragon
 11776 | D:9      | Noticed a swamp dragon (glowing shapeshifter)
 11781 | D:9      | Killed a swamp dragon
 11782 | D:9      | Reached skill level 10 in Fighting
 12100 | D:10     | Entered Level 10 of the Dungeon
 12243 | D:10     | Found a hide-covered altar of Uskayaw.
 12262 | D:10     | Found a flagged portal.
 12510 | Bailey   | Entered a bailey
 12932 | Bailey   | Reached skill level 1 in Shields
 13371 | Bailey   | Noticed a two-headed ogre
 13386 | Bailey   | Killed a two-headed ogre
 13620 | D:10     | Found an ornate altar of the Wu Jian Council.
 13716 | D:10     | Found a staircase to the Lair.
 13735 | D:10     | Reached XP level 12. HP: 99/100 MP: 15/15
 13764 | D:10     | Found a burning altar of Makhleb.
 13998 | D:10     | Found Manezoel's Distillery.
 14003 | D:10     | Bought a potion of curing for 30 gold pieces
 14003 | D:10     | Bought a potion of curing for 30 gold pieces
 14003 | D:10     | Bought a potion of berserk rage for 50 gold pieces
 14003 | D:10     | Bought a potion of haste for 100 gold pieces
 14495 | D:10     | Noticed an ogre mage
 14507 | D:10     | Noticed a centaur warrior
 14524 | D:10     | Killed a centaur warrior
 14590 | D:10     | Noticed an ogre mage
 14597 | D:10     | Killed an ogre mage
 14609 | D:10     | Killed an ogre mage
 14770 | D:10     | Noticed a centaur warrior
 14773 | D:10     | Killed a centaur warrior
 14806 | D:10     | Noticed a centaur warrior
 14809 | D:10     | Killed a centaur warrior
 14884 | Lair:1   | Entered Level 1 of the Lair of Beasts
 14884 | Lair:1   | Found a gate leading to a gauntlet.
 14897 | Gauntlet | Entered a Gauntlet
 14897 | Gauntlet | Noticed a death scarab
 14897 | Gauntlet | Found a transporter.
 14897 | Gauntlet | Found a runed translucent door.
 14897 | Gauntlet | Found a transporter.
 14901 | Gauntlet | Found a runed translucent door.
 14913 | Gauntlet | Found a transporter.
 14917 | Gauntlet | Found a transporter.
 14927 | Gauntlet | Found a transporter.
 14929 | Gauntlet | Found a transporter.
 14938 | Gauntlet | Found a transporter.
 14942 | Gauntlet | Noticed a ghost crab
 14959 | Gauntlet | Found a transporter.
 14966 | Gauntlet | Noticed a death yak
 14966 | Gauntlet | Noticed a death yak
 14966 | Gauntlet | Noticed a death yak
 14967 | Gauntlet | Noticed a death yak
 14967 | Gauntlet | Noticed a death yak
 14971 | Gauntlet | Noticed a death yak
 14977 | Gauntlet | Found a transporter.
 14981 | Gauntlet | Found a transporter.
 14984 | Gauntlet | Noticed a soul eater
 14989 | Gauntlet | Found a transporter.
 14993 | Gauntlet | Found a transporter.
 15261 | Gauntlet | Killed a death scarab
 15315 | Gauntlet | Identified the orb "Jehohoeh" {*Rage, Fly rN+ Str-4 Dex+2}
 15328 | Gauntlet | Killed a ghost crab
 15417 | Gauntlet | Found the ring of the Mage {Wiz Archmagi}
 15417 | Gauntlet | Identified the +10 long sword of Shrieking Terror {spect,
                  | Fly rF+ Will+}
 15417 | Gauntlet | Noticed a minotaur
 15728 | Gauntlet | Killed a minotaur
 16321 | Lair:1   | Found a large runed translucent door.
 16321 | Lair:1   | Found a large runed translucent door.
 16323 | Lair:1   | Noticed Acoak's ghost (journeyman DgEE)
 16469 | Lair:1   | Reached skill level 5 in Evocations
 16469 | Lair:1   | Reached XP level 13. HP: 109/109 MP: 16/16
 17104 | Lair:2   | Found a staircase to the Snake Pit.
 17724 | Lair:2   | You fall into a shaft and drop 2 floors!
 18873 | Lair:3   | Reached skill level 1 in Shapeshifting
 19081 | Lair:3   | Found a staircase to the Shoals.
 19574 | Lair:3   | Reached skill level 5 in Shapeshifting
 19699 | Lair:4   | Found a staircase to the Slime Pits.
 19699 | Lair:4   | Found a viscous altar of Jiyva.
 19950 | Lair:4   | Got the Grimoire of Evil
 20377 | Lair:4   | Found the +0 pair of gloves of the gadgeteer {Gadgeteer
                  | Wandboost ^Fragile}
 20614 | Lair:4   | Reached XP level 14. HP: 117/119 MP: 17/17
 20656 | Lair:4   | Identified the +8 great sword "Xeol Sigg" {drain, ^Contam
                  | rCorr MP+9 Dex+6}
 20660 | Lair:4   | Identified the ring "Boclupra" {Ice Str+3}
 20739 | Lair:5   | Entered Level 5 of the Lair of Beasts
 20842 | Lair:4   | Reached skill level 10 in Shapeshifting
 21313 | Lair:5   | Identified a scroll of acquirement
 21314 | Lair:5   | Acquired a talisman of death
 22454 | Lair:5   | Found a burning altar of Makhleb.
 22522 | Lair:5   | Found a gateway to Hell.
 22527 | Lair:5   | Reached skill level 5 in Shields
 22721 | D:11     | Found a frozen archway.
 22757 | IceCv    | Entered an ice cave
 22783 | IceCv    | Reached XP level 15. HP: 126/126 MP: 18/18
 22793 | IceCv    | Found a transporter.
 22803 | IceCv    | Found a transporter.
 22915 | D:11     | Reached skill level 15 in Polearms
 24338 | D:12     | Found a staircase to the Orcish Mines.
 24729 | Orc:1    | Entered Level 1 of the Orcish Mines
 24768 | Orc:1    | Noticed an orc warlord
 24885 | D:12     | Killed an orc warlord
 25098 | Orc:1    | Found a roughly hewn altar of Beogh.
 25336 | Orc:2    | Entered Level 2 of the Orcish Mines
 25337 | Orc:2    | Found Zorajyeh's CLEARANCE SALE!.
 25420 | Orc:2    | Bought a potion of degeneration for 5 gold pieces
 25420 | Orc:2    | Bought a potion of enlightenment for 25 gold pieces
 25482 | Orc:2    | Noticed Josephine
 25498 | Orc:1    | Killed Josephine
 25596 | Orc:2    | Found Itsuhu's Antique Weapon Shoppe.
 25682 | Orc:2    | Found a staircase to the Elven Halls.
 25974 | Orc:2    | Found a roughly hewn altar of Beogh.
 26197 | Orc:2    | Found Beqopp's Distillery.
 26213 | Orc:2    | Found a radiant altar of Vehumet.
 26224 | Orc:2    | Reached skill level 15 in Shapeshifting
 26251 | Orc:2    | Found Ixtaorghy's Distillery.
 26276 | Orc:2    | Reached skill level 10 in Dodging
 26302 | Orc:2    | Noticed Nergalle
 26304 | Orc:2    | Found an ancient bone altar of Kikubaaqudgha.
 26322 | Orc:2    | Killed Nergalle
 26382 | Orc:2    | Paralysed by an orc sorcerer for 4 turns
 26440 | Orc:2    | Bought a potion of attraction for 39 gold pieces
 26440 | Orc:2    | Bought a potion of haste for 130 gold pieces
 26440 | Orc:2    | Bought a potion of magic for 104 gold pieces
 26440 | Orc:2    | Bought a potion of curing for 39 gold pieces
 26440 | Orc:2    | Bought a potion of haste for 130 gold pieces
 26440 | Orc:2    | Bought a potion of might for 52 gold pieces
 26440 | Orc:2    | Bought a potion of curing for 39 gold pieces
 26449 | Orc:2    | Found a roughly hewn altar of Beogh.
 26449 | Orc:2    | Found Caur's Antique Armour Shoppe.
 26493 | Orc:2    | Found Fozahiuc's Jewellery Emporium.
 26532 | Orc:2    | Bought a potion of enlightenment for 75 gold pieces
 26532 | Orc:2    | Bought a potion of enlightenment for 75 gold pieces
 26623 | Orc:2    | Reached XP level 16. HP: 128/128 MP: 19/19
 26771 | D:13     | Noticed Lodul
 27313 | D:13     | Found Garhadd's Book Emporium.
 27585 | D:13     | Found Qodd's Antique Armour Emporium.
 27593 | D:13     | Bought an embroidered scarf for 256 gold pieces
 27634 | D:13     | Found Nextilaisk's Armour Shoppe.
 27764 | D:13     | Found a glowing golden altar of the Shining One.
 27948 | D:13     | Killed Lodul
 28318 | D:14     | Identified the +0 hand axe "Ysoizoiq" {speed, rPois rN+
                  | Int+2}
 28383 | D:14     | Reached XP level 17. HP: 140/140 MP: 20/20
 28556 | D:14     | Reached skill level 10 in Shields
 28861 | D:14     | Found a broken altar of Ashenzari.
 29048 | D:14     | Found a gate to the Vaults.
 29128 | D:14     | Found a blossoming altar of Fedhas.
 29272 | D:15     | Entered Level 15 of the Dungeon
 29876 | D:15     | Noticed Rupert
 30041 | Snake:1  | Entered Level 1 of the Snake Pit
 30056 | Snake:1  | Upgraded the game from 0.32-a0-928-g1cae6b7ea0 to
                  | 0.32-a0-931-g5a2cda0630
 30434 | Snake:1  | Identified the +0 pair of gloves "Yssaufuc" {rPois rF+
                  | rCorr}
 31101 | Snake:1  | Identified the serpent talisman of Shrieking Intercession
                  | {rCorr Str-2 Int+6 SInv}
 31101 | Snake:1  | Noticed Aizul
 31116 | Snake:1  | Killed Aizul
 31327 | Snake:2  | Noticed Vashnia
 31394 | Snake:2  | Killed Vashnia
 32186 | Snake:3  | Reached skill level 15 in Fighting
 32792 | Snake:3  | Reached XP level 18. HP: 149/149 MP: 21/21
 33003 | Snake:4  | Entered Level 4 of the Snake Pit
 33075 | Snake:4  | Reached skill level 10 in Stealth
 33206 | Snake:4  | Found Kul Beas's One-of-a-Kind Rings.
 33391 | Snake:4  | Found a sacrificial altar of Ru.
 34714 | Snake:4  | Got a serpentine rune of Zot
 34861 | Snake:4  | Bought the ring of Sophism {^Drain +Blink rC++ rN+ Will+
                  | SH+5} for 1306 gold pieces
 35048 | Shoals:1 | Entered Level 1 of the Shoals
 35888 | Shoals:2 | Noticed Polyphemus
 35960 | Shoals:1 | Killed Polyphemus
 36159 | Shoals:2 | Found Gieduf's Weapon Boutique.
 36195 | Shoals:2 | Found Kipunty's Magic Scroll Emporium.
 36213 | Shoals:2 | Bought a scroll of enchant weapon for 105 gold pieces
 36213 | Shoals:2 | Bought a scroll of blinking for 105 gold pieces
 36482 | Shoals:2 | Found Detsaurauzo's Book Boutique.
 36482 | Shoals:2 | Noticed Ilsuiw
 36510 | Shoals:2 | Killed Ilsuiw
 36583 | Shoals:2 | Found Ybligab's Armour Shop.
 37288 | Shoals:3 | Reached XP level 19. HP: 157/157 MP: 22/22
 37788 | Shoals:4 | Entered Level 4 of the Shoals
 38176 | Shoals:4 | Got a barnacled rune of Zot
 38287 | Shoals:4 | Noticed Mlioglotl
 38305 | Shoals:4 | Identified the +1 ring mail of the Maze {rElec rC+ Int+3}
 38857 | Lair:3   | Learned a level 2 spell: Lesser Beckoning
 38859 | Lair:3   | Learned a level 1 spell: Apportation
 38864 | Lair:3   | Learned a level 4 spell: Passage of Golubria
 38869 | Lair:3   | Learned a level 4 spell: Vhi's Electric Charge
 39028 | Elf:1    | Entered Level 1 of the Elven Halls
 39720 | Elf:1    | Reached skill level 1 in Translocations
 39724 | Elf:1    | Reached skill level 1 in Air Magic
 40432 | Elf:1    | Identified the +5 hand axe "Hakydiam" {speed, Str+3 Int+2}
 40889 | Elf:2    | Found a runed translucent gate.
 40890 | Elf:2    | Found a runed translucent gate.
 40890 | Elf:2    | Found a runed translucent gate.
 41057 | Elf:2    | Paralysed by an air elemental for 1 turns
 41060 | Elf:2    | Paralysed by an air elemental for 1 turns
 41164 | Elf:2    | Reached skill level 15 in Shields
 41351 | Elf:2    | Found a bloodstained altar of Trog.
 41470 | Elf:3    | Entered Level 3 of the Elven Halls
 41567 | Elf:3    | Found a magical portal.
 41584 | WizLab   | Entered Maxwell's Workshop
 41760 | WizLab   | Identified the ring of Hoasumyc {Fire MP+9 Int+3}
 42015 | WizLab   | Reached XP level 20. HP: 138/166 MP: 25/25
 42278 | WizLab   | Identified the +11 flail of Due Proportion {freeze, rC+
                  | Will+ Str-3 Int+3}
 42278 | WizLab   | Identified the +0 robe of the Wereyak {Slay+2}
 42422 | WizLab   | Noticed an electric golem
 42491 | WizLab   | Killed an electric golem
 42895 | Elf:3    | Paralysed by an air elemental for 1 turns
 44195 | Elf:3    | Identified the ring "Unumecs" {*Slow rPois rN+ rCorr Str+3}
 44311 | Elf:3    | Identified the +8 quarterstaff of the Hierophant {flame,
                  | Will++ Str+4}
 44331 | Elf:3    | Identified the +2 lajatang of Anger {antimagic, rC- Str+3
                  | SInv}
 44393 | Elf:3    | Found the +3 pair of seven-league boots {Rampage+∞}
 44502 | Elf:3    | Reached skill level 15 in Dodging
 44604 | Elf:3    | Got the Secrets of Cunning Transportation
 44616 | Elf:3    | Identified the +1 war axe "Tyugaic" {heavy, rElec rC+
                  | Int+3}
 44618 | Elf:3    | Got the Textbook on the Mountains and Hail
 44640 | Elf:3    | Identified the +7 short sword of Conscience {freeze, rCorr
                  | Str+2 Dex-5 SInv}
 44641 | Elf:3    | Identified the staff of Anlysiwn {rN+ Hexes Necro}
 44646 | Elf:3    | Identified the staff "Dexaw" {^Drain rF+ rC+ rN+ Str+2 Ice}
 44859 | Elf:2    | Noticed Saint Roka
 45196 | Elf:2    | Found a bloodstained altar of Trog.
 45324 | Elf:2    | Killed Saint Roka
 46232 | Vaults:1 | Entered Level 1 of the Vaults
 46350 | Vaults:1 | Reached XP level 21. HP: 174/174 MP: 27/27
 47135 | Vaults:1 | Identified the +5 shortbow "Quin" {antimagic, Dex+4}
 47231 | Vaults:1 | Reached skill level 10 in Evocations
 47758 | Vaults:1 | Reached skill level 5 in Translocations
 47961 | Vaults:1 | Acquired the brooch of Shielding {Spirit SH+8}
 47961 | Vaults:1 | Found the brooch of Shielding {Spirit SH+8}
 48077 | Vaults:1 | Identified the dragon-blood talisman of Wu Jian's Scorn
                  | {rElec}
 48278 | Vaults:2 | Found Diutz's Armour Emporium.
 49142 | Vaults:2 | Noticed Jory
 49204 | Vaults:2 | Killed Jory
 49470 | Vaults:2 | You fall into a shaft and drop 1 floor!
 49509 | Vaults:3 | Reached XP level 22. HP: 183/183 MP: 25/28
 49672 | Vaults:3 | Identified the +2 robe of the Thoughtful Xeniums {Str+3}
 49672 | Vaults:3 | Noticed Boris
 49699 | Vaults:3 | Killed Boris
 50887 | Vaults:3 | Identified the +4 trident of Ovi Quew Dix {pain, rPois}
 51030 | Vaults:3 | Found a staircase to the Crypt.
 51093 | Vaults:3 | Noticed an ancient lich
 51134 | Vaults:3 | Killed an ancient lich
 52819 | Vaults:4 | Found Povo's Antique Armour Shoppe.
 54558 | D:6      | Killed grrhawk's ghost
 54883 | D:15     | Killed Rupert
 55391 | D:15     | Found a staircase to the Depths.
 55722 | Depths:1 | Entered Level 1 of the Depths
 55726 | Depths:1 | Identified the +3 robe of the Silversmith {Will+ Int-3
                  | Dex+8 SInv}
 55726 | Depths:1 | Noticed Boris
 55765 | D:15     | Killed Boris
 55869 | D:15     | Reached XP level 23. HP: 192/192 MP: 29/29
 55879 | Depths:1 | Noticed the Enchantress
 56525 | D:15     | Killed the Enchantress
 56676 | D:15     | Found a staircase to the Depths.
 58029 | Depths:1 | Found a one-way gateway to a ziggurat.
 58084 | Depths:1 | Found a runed translucent gate.
 58084 | Depths:1 | Found a runed translucent gate.
 58084 | Depths:1 | Found a runed translucent gate.
 58087 | Depths:1 | Noticed Hauck's ghost (adept DEHW)
 58665 | Depths:1 | Found a viscous altar of Jiyva.
 60515 | Depths:2 | Found a one-way gate leading to the halls of Pandemonium.
 61213 | Depths:3 | Reached XP level 24. HP: 201/201 MP: 29/29
 61303 | Hell     | Entered the Vestibule of Hell
 61303 | Hell     | Noticed Geryon
 61392 | Depths:3 | You fall into a shaft and drop 1 floor!
 61392 | Depths:4 | Entered Level 4 of the Depths
 61897 | Depths:3 | Found a one-way gate to the infinite horrors of the Abyss.
 62533 | Depths:3 | Found a snail-covered altar of Cheibriados.
 62697 | Depths:3 | Noticed a caustic shrike
 62698 | Depths:3 | Noticed a caustic shrike
 62701 | Depths:3 | Noticed a caustic shrike
 62807 | Depths:3 | Killed a caustic shrike
 62822 | Depths:3 | Killed a caustic shrike
 62829 | Depths:3 | Killed a caustic shrike
 62906 | Depths:3 | Identified the ring "Racipser" {rC+ Will+ SInv}
 62922 | Depths:3 | Got the Tome of the Meteoric Throng
 63176 | Depths:4 | Noticed a caustic shrike
 63176 | Depths:4 | Noticed a caustic shrike
 63176 | Depths:4 | Noticed a caustic shrike
 63176 | Depths:4 | Noticed a caustic shrike
 63176 | Depths:4 | Noticed a caustic shrike
 63499 | Depths:4 | Noticed a caustic shrike
 63501 | Depths:4 | Noticed a caustic shrike
 63502 | Depths:4 | Noticed a caustic shrike
 63503 | Depths:4 | Noticed a caustic shrike
 63579 | Depths:4 | Killed a caustic shrike
 63623 | Depths:4 | Killed a caustic shrike
 63635 | Depths:4 | Killed a caustic shrike
 63642 | Depths:4 | Killed a caustic shrike
 63703 | Depths:4 | Bought a wand of roots (2) for 168 gold pieces
 63703 | Depths:4 | Bought a scroll of teleportation for 105 gold pieces
 63703 | Depths:4 | Bought a wand of roots (6) for 504 gold pieces
 63703 | Depths:4 | Bought a tubular jade ring for 175 gold pieces
 64214 | Depths:4 | Found a gate to the Realm of Zot.
 64608 | Vaults:5 | Entered Level 5 of the Vaults
 64608 | Vaults:5 | Noticed Bai Suzhen
 64893 | Vaults:5 | Identified the +0 great sword "Xesiotok" {flame, rCorr
                  | Dex-3 Stlth+}
 64928 | Vaults:5 | Reached XP level 25. HP: 181/210 MP: 29/29
 65108 | Vaults:5 | Killed Bai Suzhen
 65199 | Vaults:5 | Identified the +2 leather armour "Wilomiq" {^Drain Dex+2
                  | SInv}
 65410 | Vaults:5 | Reached skill level 10 in Translocations
 65502 | Vaults:5 | Bought a scroll of fear for 72 gold pieces
 65502 | Vaults:5 | Bought a scroll of teleportation for 54 gold pieces
 65502 | Vaults:5 | Bought a potion of resistance for 180 gold pieces
 65549 | Vaults:5 | Identified the staff of Contradiction {*Slow rElec Dex+6
                  | Conj}
 65561 | Vaults:5 | Identified the +0 fire dragon scales of the Furies {rF++
                  | rC- Dex+3}
 65587 | Vaults:5 | Identified the staff of Bloodstone {rN+ Conj Necro Fire}
 65917 | Vaults:5 | Found the +3 pair of gauntlets of War {Slay+5}
 65956 | Vaults:5 | Got a silver rune of Zot
 65982 | Vaults:5 | Noticed Mennas
 66061 | Vaults:5 | Found the +6 lightning scales {swift, rElec}
 66617 | Zot:1    | Entered Level 1 of the Realm of Zot
 67928 | Zot:1    | Reached XP level 26. HP: 220/220 MP: 29/29
 67963 | Zot:1    | Noticed an orb of fire
 67965 | Zot:1    | Gained mutation: You have a somewhat thin skeletal
                  | structure. (Dex +2, Stealth+) [an orb of fire]
 67974 | Zot:1    | Gained mutation: You occasionally lose the ability to read
                  | scrolls when taking damage. [an orb of fire]
 67985 | Zot:1    | Killed an orb of fire
 67988 | Zot:1    | Noticed a Killer Klown
 68009 | Zot:1    | Killed a Killer Klown
 68606 | Zot:3    | Noticed a shard shrike
 69218 | Zot:4    | Noticed Parghit
 69241 | Zot:5    | Entered Level 5 of the Realm of Zot
 69888 | Zot:4    | Reached skill level 15 in Evocations
 71824 | Orc:2    | Bought a potion of curing for 45 gold pieces
 71824 | Orc:2    | Bought a potion of mutation for 120 gold pieces
 71824 | Orc:2    | Bought a potion of mutation for 120 gold pieces
 71824 | Orc:2    | Bought 2 potions of curing for 90 gold pieces
 71824 | Orc:2    | Bought a potion of mutation for 120 gold pieces
 71824 | Orc:2    | Bought a potion of curing for 45 gold pieces
 73112 | Zot:5    | Identified the +0 buckler of Chill Winds {Int+4}
 73164 | Zot:5    | Noticed an ancient lich
 73169 | Zot:5    | Noticed a Killer Klown
 73186 | Zot:5    | Noticed an orb of fire
 73192 | Zot:5    | Killed an orb of fire
 73199 | Zot:5    | Killed an ancient lich
 73201 | Zot:5    | Noticed a Killer Klown
 73201 | Zot:5    | Noticed an ancient lich
 73202 | Zot:5    | Noticed an orb of fire
 73273 | Zot:5    | Noticed a Killer Klown
 73275 | Zot:5    | Noticed an orb of fire
 73285 | Zot:5    | Killed a Killer Klown
 73287 | Zot:5    | Killed an orb of fire
 73296 | Zot:5    | Got the Orb of Zot
 73333 | Zot:5    | Killed an ancient lich
 73533 | Depths:4 | Noticed Emnefof the pandemonium lord
 73588 | Depths:3 | Noticed Gonter the pandemonium lord
 73595 | Depths:3 | Identified the +3 robe of the Volcano {rF+ MP+9}
 73595 | Depths:3 | Noticed Boris
 73602 | Depths:3 | Noticed Elosoun the pandemonium lord
 73611 | Depths:3 | Killed from afar by Boris

Illustrated notes

Levels and vault maps discovered:
D:1:      minmay_arrival_radiant_lines, layout_loops_cross,
          minmay_misc_feat_four_crosses
D:2:      layout_rooms, uniq_natasha
D:3:      layout_loops_ring, serial_shops, nicolae_shop_tiny_waterfront,
          kennysheep_decorative_pillar, uniq_jessica, uniq_robin
D:4:      layout_rooms, serial_shops, shop, minivault_23
D:5:      layout_loops_ring, minitemple, minmay_temple_entry_steel_oval
D:6:      layout_basic, lemuel_coloured_pillars_altar,
          biasface_ghost_orc_armoury, chequers_jeans
D:7:      kennysheep_big_flooded_room, layout_loops_corners, uniq_maurice,
          uniq_maggie
D:8:      layout_loops_cross, st_stairs_10, nrook_uturn,
          minmay_misc_feat_pillars, dk_noncrumbling_2, grunt_ministairs_7,
          kennysheep_small_square, uniq_grum
D:9:      layout_irregular_city, overflow_temple_1_default, serial_bayou_pond_b
D:10:     layout_roguey [special_room_kobold], mainiacjoe_overflow_catwalk,
          mainiacjoe_overflow_catch_the_wave, minmay_lair_entry_grove,
          serial_shops, nicolae_shop_stone, enter_bailey_6, minmay_evil_grid
D:11:     layout_layer_cave, portal_ice_cave_rime
D:12:     layout_cave_pools, minmay_orc_entry_guard_dogs,
          cheibrodos_lost_city_excavation
D:13:     layout_small_grid, serial_shops, nicolae_shop_rolling_square, shop,
          nicolae_inconvenience_store, st_stairs_1, tso_metal_star, uniq_lodul
D:14:     layout_rooms, hellmonk_vaults_order_and_chaos,
          ashenzari_conservatory_becter, fedhas_altar_1
D:15:     gammafunk_enter_depths_forms, layout_grid_maze,
          hangedman_abyss_or_decor_lesser_grid, uniq_rupert
Temple:   bh_familiar_temple
Lair:1:   layout_gridlike, gauntlet_entry_generic, ebering_ghost_disaster_area,
          grunt_forest_stairs_basic
Lair:2:   layout_cave_pods, minmay_snake_entry_spellcaster, grunt_megastairs_5
Lair:3:   layout_roguey, mainiacjoe_shoals_entry_four_pools
Lair:4:   layout_small_grid, slime_entry_1, st_stairs_8, minmay_lindwurm_lava
Lair:5:   evil_forest, layout_gridlike, nicolae_lair_liquid_snakes
Shoals:1: cheibrodos_shoals_roost, layout_shoals, nicolae_tricolors
Shoals:2: layout_shoals, serial_shops, nicolae_shop_competitors_out_of_business,
          nicolae_shop_temple_entry_statues_fountains,
          nicolae_shop_bloodbath_and_beyond, nicolae_shop_stone, uniq_ilsuiw,
          uniq_polyphemus
Shoals:3: layout_shoals
Shoals:4: shoals_end_grunt_ice, layout_shoals, nicolae_shoals_water_booths,
          uniq_mlioglotl
Snake:1:  layout_gridlike, uniq_aizul
Snake:2:  layout_cave_shapes, uniq_vashnia
Snake:3:  layout_misc_corridors, special_room
Snake:4:  johnstein_snake_rune_scales, layout_layer_cave,
          lemuel_altar_in_water2, serial_library_hellmonk_semicircle,
          nicolae_shop_unique_rings
Orc:1:    layout_diamond_mine, basic_altar
Orc:2:    kennysheep_orc_mage_school, layout_caves, serial_shops, shop,
          basic_altar, nicolae_shop_clearance, uniq_josephine
Elf:1:    nicolae_elf_arrival_no_cutting_in_line, layout_loops_corners,
          guppyfry_library_mini
Elf:2:    nicolae_elf_blades_crystal_corner, layout_geoelf_diagonals,
          evilmike_spriggan_trog_shrine, uniq_saint_roka
Elf:3:    minmay_elf_hall_statues, layout_gridlike, mu_enter_wizlab_1
Vaults:1: nicolae_vaults_rhombus_6, nicolae_vaults_ellipses_ellipsis,
          nicolae_vaults_more_shelving_1, v_rooms_2, v_alt_pattern_1,
          v_alt_pattern_5, nicolae_vaults_whirlpool_walls,
          nicolae_vaults_border_crossing, vaults_standard_mumra_lines,
          v_misc_13, vaults_mumra_chevron, vaults_mumra_lcd, layout_vaults_ring
Vaults:2: nicolae_vaults_oval_intersection, nicolae_vaults_octothorpe, v_misc_9,
          nicolae_vaults_apartment_2, v_misc_16, ontoclasm_vaults_tryst,
          ontoclasm_vaults_ligature, nicolae_vaults_stepped_doors,
          nicolae_vaults_diamond_2, nicolae_vaults_stairing_the_circle,
          nicolae_vaults_rhombus_7, nicolae_vaults_what_the_h,
          hangedman_vaults_locks, nicolae_vaults_sightless_eye,
          layout_vaults_omnibox, serial_shops, nicolae_shop_tiny_statue_garden,
          uniq_jory
Vaults:3: minmay_crypt_entry_simple_corners, ontoclasm_vaults_fault, v_rooms_6,
          st_lines, serial_library_hellmonk_open_square,
          nicolae_vaults_back_hallway, nicolae_vaults_trapezoid_lopsided_1,
          nicolae_vaults_wrenched, nicolae_vaults_diamond_1,
          nicolae_vaults_six-pack, layout_vaults_chaotic_city, uniq_boris
Vaults:4: nicolae_vaults_wine_cellar, vaults_standard_mumra_enter_the_diamond,
          grunt_vaults_focal, v_misc_17, ontoclasm_vaults_spin,
          nicolae_vaults_trapezoid_lopsided_3, layout_vaults_omnigrid,
          serial_shops, shop
Vaults:5: uniq_bai_suzhen, uniq_mennas
Depths:1: layout_twisted_cross, enter_ziggurat_e, gammafunk_ghost_ooze,
          hellmouth_3, hangedman_decor_lopped,
          wheals_guarded_unrand_autumn_katana, uniq_enchantress
Depths:2: nzn_winding_woodlands_cross [nzn_winding_woodlands_5x15_pockets,
          nzn_winding_woodlands_5x15_split_checker,
          nzn_winding_woodlands_5x15_parted, nzn_winding_woodlands_5x15_crooked,
          nzn_winding_woodlands_15x15_thick_spiral], layout_honeycomb,
          hell_entry, grunt_pan_entry_zigzag, infiniplex_staircase_star
Depths:3: grunt_arcs, layout_gridlike, abyss_entry, hell_entry,
          cheibriados_altar_1, infiniplex_staircase_trident,
          serial_bayou_shore_b, serial_bayou_shore_b
Depths:4: grunt_zot_entry_hairpin, layout_cave_shapes, hellmouth_1,
          chequers_decorated_corner
Hell
Zot:1:    grunt_zot_stairs_mandelzot, layout_basic, st_small_dragon_hoard_1
Zot:2:    layout_gridlike, regret_index_zotdec_zees, st_small_dragon_hoard_2,
          uniq_tiamat
Zot:3:    kennysheep_spiral_hall, layout_concentric_octagons,
          gammafunk_ghost_berserking_beasts
Zot:4:    layout_twisted_circle, regret_index_zot_stipple_split, uniq_parghit
Zot:5:    layout_cathedral_of_symmetry

Skill      XL: |  1  2  3  4  5  6  7  8  9 10 11 12 13 14 15 16 17 18 19 20 21 22 23 24 25 26 |
---------------+-------------------------------------------------------------------------------+-----
Dodging        | 3 4 5 6 7 8 10 11 13 14 15 16 17 18 19 20 21 | 21.0
Polearms       | 5 6 7 8 9 11 12 13 14 15 16 17 18 19 20 | 20.5
Armour         | 1 2 3 4 5 6 7 8 |  8.2
Fighting       | 3 4 6 8 9 11 12 13 14 15 16 17 18 19 20 21 | 21.4
Stealth        | 2 4 5 7 8 9 10 11 12 | 12.0
Evocations     | 1 2 5 6 7 9 10 11 12 13 14 15 | 15.3
Shields        | 1 2 3 5 8 9 13 14 15 16 17 18 19 20 21 | 21.1
Shapeshifting  | 8 13 15 16 18 19 20 21 | 21.1
Translocations | 3 4 5 7 8 9 10 11 | 11.1
Air Magic      | 1 2 4 |  4.4
Spellcasting   | 3 4 |  4.8
Throwing       | |  0.8
Unarmed Combat | |  0.9
Conjurations   | |  2.4

Action                     |  1- 3 |  4- 6 |  7- 9 | 10-12 | 13-15 | 16-18 | 19-21 | 22-24 | 25-27 || total
---------------------------+-------+-------+-------+-------+-------+-------+-------+-------+-------++-------
  Melee: Spear             |   132 |   219 |   354 |   142 |       |       |       |       |       ||   847
         Unarmed           |       |       |     7 |       |       |       |       |       |       ||     7
         Trident           |       |       |    24 |    55 |       |       |       |       |       ||    79
         Lance             |       |       |       |   533 |  1317 |  1332 |   442 |  1772 |  1018 ||  6414
         Tailslap          |       |       |       |     2 |     8 |    28 |     5 |     3 |     4 ||    50
         Demon trident     |       |       |       |       |       |   141 |  1477 |   625 |   127 ||  2370
  Throw: Boomerang         |       |       |       |     2 |    68 |    52 |    39 |    52 |    14 ||   227
   Cast: Lesser Beckoning  |       |       |       |       |       |       |     2 |     5 |       ||     7
         Passage of Golubr |       |       |       |       |       |       |       |       |     6 ||     6
         Apportation       |       |       |       |       |       |       |       |       |     9 ||     9
 Invoke: Potion Petition   |       |       |     1 |     3 |       |     1 |     9 |     3 |     5 ||    22
         Call Merchant     |       |       |       |       |       |       |     1 |     1 |     1 ||     3
         Bribe Branch      |       |       |       |       |       |       |       |       |     3 ||     3
  Evoke: Wand              |       |       |     8 |    11 |     8 |    34 |    10 |     5 |     5 ||    81
         Gell's gravitambo |       |       |       |       |     1 |       |       |     2 |     1 ||     4
         Tin of tremorston |       |       |       |       |     1 |       |       |       |       ||     1
         Box of beasts     |       |       |       |       |       |       |     2 |     2 |     1 ||     5
         Phantom mirror    |       |       |       |       |       |       |       |     1 |     1 ||     2
    Use: Scroll            |       |     3 |     4 |    10 |     8 |    12 |    11 |     8 |    24 ||    80
         Potion            |       |       |       |     9 |     1 |     3 |     2 |     5 |     3 ||    23
   Stab: Paralysed         |       |       |    12 |       |       |       |       |       |       ||    12
         Invisible         |       |       |       |    12 |       |       |     4 |    16 |       ||    32
         Distracted        |       |       |       |     4 |    10 |    13 |    23 |    12 |    17 ||    79
         Sleeping          |       |       |       |     4 |    20 |    27 |    36 |    44 |     9 ||   140
 Armour: Leather armour    |    19 |       |       |       |       |       |       |       |       ||    19
         Chain mail        |    57 |   100 |   227 |   111 |       |       |       |       |       ||   495
         Skin              |       |       |     3 |       |   411 |   906 |  1114 |  1184 |   724 ||  4342
         Ring mail         |       |       |       |     3 |       |       |       |       |       ||     3
         Steam dragon scal |       |       |       |     9 |       |       |       |       |       ||     9
         Plate armour      |       |       |       |    59 |       |       |       |       |       ||    59
         Ice dragon scales |       |       |       |   106 |   220 |       |       |       |       ||   326
         Gold dragon scale |       |       |       |       |     4 |       |       |       |       ||     4
  Dodge: Dodged            |    44 |    53 |    96 |   116 |   420 |   565 |   737 |  1037 |   588 ||  3656
  Block: Buckler           |       |       |       |    37 |    68 |       |       |       |       ||   105
         Kite shield       |       |       |       |       |   379 |   827 |  1723 |  2565 |  1106 ||  6600
   Form: Statue            |       |       |       |       |     2 |       |       |       |       ||     2
                           |       |       |       |       |     1 |       |       |       |       ||     1

Table legend: (Time is in decaauts)
 A = Elapsed time spent in this place.
 B = Non-inter-level travel time spent in this place.
 C = Inter-level travel time spent in this place.
 D = Time resting spent in this place.
 E = Time spent auto-exploring this place.
 F = Levels seen in this place.
 G = Mean time per level.
                   A        B        C        D        E       F      G
               +--------+--------+--------+--------+--------+-----+--------+
         Total |  93073 |  79008 |  14065 |  11134 |  42576 |  53 | 1756.1 |
       Dungeon |  27143 |  22979 |   4164 |   4820 |  12406 |  15 | 1809.5 |
        Temple |     32 |     19 |     13 |      0 |      0 |   1 |   32.0 |
          Lair |   8150 |   5504 |   2646 |    531 |   2097 |   5 | 1630.0 |
        Shoals |   4427 |   4017 |    410 |    185 |   2299 |   4 | 1106.8 |
     Snake Pit |   7475 |   6563 |    912 |    541 |   4296 |   4 | 1868.8 |
  Orcish Mines |   3239 |   2387 |    852 |     78 |    838 |   2 | 1619.5 |
   Elven Halls |   8680 |   7431 |   1249 |    656 |   4836 |   3 | 2893.3 |
        Vaults |  14232 |  12694 |   1538 |   1085 |   8160 |   5 | 2846.4 |
        Depths |   9893 |   8615 |   1278 |    927 |   5343 |   4 | 2473.2 |
          Hell |      2 |      2 |      0 |      0 |      0 |   1 |    2.0 |
           Zot |   6369 |   5370 |    999 |   1073 |   2067 |   5 | 1273.8 |
        Bailey |    913 |    913 |      0 |    540 |     19 |   1 |  913.0 |
      Ice Cave |     92 |     92 |      0 |      0 |      0 |   1 |   92.0 |
        Wizlab |   1483 |   1483 |      0 |    338 |    106 |   1 | 1483.0 |
      Gauntlet |    935 |    935 |      0 |    357 |    104 |   1 |  935.0 |
               +--------+--------+--------+--------+--------+-----+--------+

Top non-repeatable levels by time:
    D:15: 5675 daAuts
Vaults:3: 3528 daAuts
Vaults:1: 3426 daAuts
Depths:2: 3379 daAuts
   Zot:1: 3236 daAuts
   Elf:2: 3195 daAuts
   Elf:3: 3172 daAuts
Depths:3: 2872 daAuts
Vaults:4: 2724 daAuts
 Snake:4: 2679 daAuts
Vaults:2: 2591 daAuts
   Elf:1: 2313 daAuts
Depths:4: 2227 daAuts
   Orc:2: 2181 daAuts
    D:13: 2139 daAuts
